 Dungeon Crawl Stone Soup version 0.28.0-47-ge53b351184 (webtiles) character file.

Game seed: 3203962445891117909

1954 hawla the Geomancer (level 8, -1/36 HPs)
             Began as a Felid Earth Elementalist on May 5, 2022.
             Was a Believer of Vehumet.
             Engulfed by a steam dragon's steam (5 damage)
             ... on level 7 of the Dungeon.
             The game lasted 00:38:44 (11856 turns).

hawla the Geomancer (Felid Earth Elementalist)     Turns: 11856, Time: 00:38:44

Health: -1/36      AC:  2    Str:  6    XL:     8   Next: 99%
Magic:  13/18      EV: 18    Int: 20    God:    Vehumet [**....]
Gold:   529        SH:  0    Dex: 16    Spells: 0/19 levels left
                                        Lives:  0   Deaths: 3

rFire   . . .      SeeInvis +     - Unarmed
rCold   . . .      Faith    .   (shield unavailable)
rNeg    . . .      Spirit   .   (armour unavailable)
rPois   .          Reflect  .   (helmet unavailable)
rElec   .          Harm     .   (cloak unavailable)
rCorr   .          Rampage  .   (gloves unavailable)
Will    +....                   (boots unavailable)
Stlth   +++.......              h - amulet of the acrobat
HPRegen 0.12/turn               (no ring)
MPRegen 0.16/turn               (no ring)

@: quick
A: very small, claws 1, fangs 3, see invisible, speed 1, shaggy fur 2, stealthy
paws, no weapons or thrown items, no armour, multi-lived, antennae 1, passive
freeze, robust 1, no potion heal 1
a: Renounce Religion


You were on level 7 of the Dungeon.
You worshipped Vehumet.
Vehumet was pleased with you.
You visited 1 branch of the dungeon, and saw 7 of its levels.
You also visited: Bailey.

You collected 529 gold pieces.

Inventory:

Missiles
 b - 140 stones
Jewellery
 h - an amulet of the acrobat (around neck)
Wands
 g - a wand of polymorph (11)
Scrolls
 d - a scroll of summoning
 m - a scroll of teleportation
Potions
 a - 2 potions of mutation
 c - a potion of haste
 e - a potion of resistance
 f - a potion of berserk rage {unknown}
 i - a potion of lignification {unknown}
 k - 2 potions of brilliance
 n - 2 potions of might


   Skills:
 + Level 1.6 Fighting
 + Level 4.3 Dodging
 + Level 5.1 Stealth
 + Level 1.5 Unarmed Combat
 + Level 6.0 Spellcasting
 + Level 4.8 Conjurations
 + Level 4.7 Transmutations
 + Level 9.1 Earth Magic
 + Level 4.8 Poison Magic


You couldn't memorise any spells.
You knew the following spells:

 Your Spells              Type           Power      Damage    Failure   Level
a - Sandblast             Erth           84%        2d18      1%          1
b - Passwall              Tmut/Erth      27%        N/A       1%          2
c - Stone Arrow           Conj/Erth      68%        3d11      1%          3
d - Searing Ray           Conj           50%        2d6       2%          2
e - Petrify               Tmut/Erth      33%        N/A       6%          4
f - Olgreb's Toxic Radia  Pois           25%        N/A       14%         4
g - Frozen Ramparts       Ice            12%        1d3       30%         3

Your spell library contained the following spells:

 Spells                   Type           Power      Damage    Failure   Level
 Magic Dart               Conj           100%       1d8       1%          1
 Sting                    Tmut/Pois      100%       1d8       1%          1
 Poisonous Vapours        Pois/Air       30%        N/A       6%          2
 Confusing Touch          Hex            6%         N/A       30%         3
 Fulminant Prism          Conj/Hex       7%         3d7       36%         4
 Hailstorm                Conj/Ice       15%        3d5       36%         4
 Ice Form                 Ice/Tmut       15%        N/A       36%         4
 Cause Fear               Hex            3%         N/A       71%         4
 Yara's Violent Unravell  Hex/Tmut       7%         3d5       73%         5
 Simulacrum               Ice/Necr       3%         N/A       100%        6
 Dragon Form              Tmut           12%        N/A       100%        7
 Enfeeble                 Hex            3%         N/A       100%        7
 Dragon's Call            Summ           3%         N/A       100%        9


Dungeon Overview and Level Annotations

Branches:
Dungeon (7/15)             Temple (0/1) D:4          Bailey (visited)

Altars:
Cheibriados
Fedhas
Kikubaaqudgha
Makhleb
Nemelex Xobeh
Vehumet
Wu Jian
Xom
Zin

Shops:
D:1 (   D:7 =


Innate Abilities, Weirdness & Mutations

You have sharp claws.
You have razor-sharp teeth.
You have supernaturally acute eyesight. (SInv)
You cover ground quickly. (Speed+)
You are covered in thick fur. (AC +2)
Your paws help you pounce on unaware monsters.
You are incapable of wielding weapons or throwing items.
You cannot wear armour.
You gain extra lives every three experience levels.
You have a pair of small antennae on your head.
A frigid envelope surrounds you and freezes all who hurt you.
You are robust. (+10% HP)
Potions are less effective at restoring your health.


Message History

You see here a potion of flight.
Casting: Stone Arrow (safe; 1% risk of failure)
Confirm with . or Enter, or press ? or * to list all spells.
The spell is quite dangerous to miscast (14% risk of failure)!
Continue anyway?
You begin to radiate toxic energy.
The steam dragon hisses angrily.
The steam dragon is poisoned.
The steam dragon breathes steam at you. The ball of steam hits you!
Your toxic aura wanes.
The steam dragon looks more healthy.
A steam dragon is nearby!
Things that are here:
a +0 shortbow; 19 arrows
There is a large open door here.
A steam dragon is nearby!
You close the large door.
There is a stone staircase leading down here.
You start resting.
You sense a monster nearby.
As you open the large door, it creaks loudly!
Casting: Olgreb's Toxic Radiance (quite dangerous; 14% risk of failure)
Confirm with . or Enter, or press ? or * to list all spells.
Aiming: Stone Arrow (safe; 1% risk of failure)
Press: ? - help, Shift-Dir - straight line, f - steam dragon
Aim: a steam dragon (moderately wounded, 74% to hit)
The stone arrow hits the steam dragon!!
The steam dragon is almost dead.
The steam dragon breathes steam at you. The ball of steam hits you!!
Ouch! That really hurt!
* * * LOW HITPOINT WARNING * * *
Casting: Stone Arrow (safe; 1% risk of failure)
Confirm with . or Enter, or press ? or * to list all spells.
Aiming: Sandblast (safe; 1% risk of failure)
Press: ? - help, Shift-Dir - straight line, f/p - steam dragon
Aim: a steam dragon (almost dead, catching its breath, 83% to hit)
The blast of sand misses the steam dragon.
You are engulfed in a cloud of scalding steam.
You die...

##.# ##................ #..#
#......###........ #..##
###.......###.......
###...#####............#......#
#............................##
#.............###.............##
..#.....#..#### ##...........## #
#....##.##########........##
##...##.'..∩..@..'.####..##
#...#######'D###### ##...##
#...## #........# #.....####
#....# #........# ##...)..##.
.###....###..).....# #..........
...#.....##..##....# #...........
.........#...##.....#............
..............................#..
...........................#####.


You could see a steam dragon (catching breath).

Vanquished Creatures
  Pikel (D:4)
  An orc knight (Bailey)
  Grinder (D:4)
  Eustachio (D:6)
  Menkaure (D:6)
  Edmund (D:4)
  3 water moccasins
  Duvessa (D:6)
  3 black bears
  An ice beast (D:6)
  A sky beast (D:7)
  7 orc warriors (Bailey)
  A necrophage (D:6)
  3 centaurs
  A phantom (D:4)
  3 bullfrogs
  3 scorpions
  Dowan (D:6)
  3 wights (D:7)
  3 howler monkeys (D:7)
  2 centaur zombies
  Crazy Yiuf (D:6)
  An orc priest (D:6)
  A centaur skeleton (D:7)
  2 hounds
  A jelly (D:7)
  2 bullfrog skeletons
  4 iguanas
  2 orc wizards
  A scorpion zombie (D:5)
  A hound zombie (D:5)
  A hound skeleton (D:4)
  6 gnolls
  8 adders
  A shadow imp (D:7)
  A white imp (D:5)
  An ufetubus (D:4)
  3 worms
  3 dart slugs
  39 orcs
  7 endoplasms
  7 giant cockroaches
  6 hobgoblins
  5 kobolds
  4 quokkas
  2 ball pythons
  6 bats
  2 frilled lizards
  8 goblins
  3 rats
171 creatures vanquished.

Vanquished Creatures (others)
  A sky beast (D:7)
  13 plants (D:3)
14 creatures vanquished.

Grand Total: 185 creatures vanquished

Notes
Turn   | Place    | Note
-------+----------+-------------------------------------------
     0 | D:1      | hawla the Felid Earth Elementalist began the quest for the
                  | Orb.
     0 | D:1      | Reached XP level 1. HP: 7/7 MP: 4/4
   524 | D:1      | Reached XP level 2. HP: 9/11 MP: 4/6
   817 | D:1      | Found Nihefun's Antique Weapon Boutique.
   875 | D:1      | Found a faded altar of an unknown god.
  1241 | D:2      | Reached skill level 3 in Earth Magic
  1487 | D:1      | Reached XP level 3. HP: 4/14 MP: 3/7
  2251 | D:2      | Reached XP level 4. HP: 18/18 MP: 6/8
  2534 | D:2      | Reached skill level 4 in Earth Magic
  2665 | D:2      | Learned a level 2 spell: Passwall
  2869 | D:2      | Learned a level 3 spell: Stone Arrow
  2872 | D:2      | Learned a level 2 spell: Searing Ray
  2907 | D:3      | Gained mutation: You sometimes lose the ability to read
                  | scrolls when taking damage. [potion of mutation]
  2907 | D:3      | Gained mutation: You occasionally shout uncontrollably at
                  | your foes. [potion of mutation]
  2907 | D:3      | Gained mutation: Your mind is acute. (Int +2) [potion of
                  | mutation]
  2908 | D:3      | Lost mutation: You sometimes lose the ability to read
                  | scrolls when taking damage. [potion of mutation]
  2908 | D:3      | Lost mutation: Your mind is acute. (Int +2) [potion of
                  | mutation]
  2908 | D:3      | Lost mutation: You occasionally shout uncontrollably at
                  | your foes. [potion of mutation]
  2908 | D:3      | Gained mutation: Potions are less effective at restoring
                  | your health. [potion of mutation]
  2908 | D:3      | Gained mutation: You are frail. (-10% HP) [potion of
                  | mutation]
  2908 | D:3      | Gained mutation: Your flesh is heat resistant. (rF+)
                  | [potion of mutation]
  3137 | D:3      | Found a radiant altar of Vehumet.
  3203 | D:3      | Became a worshipper of Vehumet
  3205 | D:3      | Lost mutation: You are frail. (-10% HP) [potion of
                  | mutation]
  3205 | D:3      | Lost mutation: Your flesh is heat resistant. (rF+) [potion
                  | of mutation]
  3205 | D:3      | Gained mutation: You have a pair of small antennae on your
                  | head. [potion of mutation]
  3205 | D:3      | Gained mutation: You are robust. (+10% HP) [potion of
                  | mutation]
  3205 | D:3      | Gained mutation: A frigid envelope surrounds you and
                  | freezes all who hurt you. [potion of mutation]
  3470 | D:3      | Found a glowing silver altar of Zin.
  3994 | D:4      | Noticed Edmund
  4095 | D:4      | Reached XP level 5. HP: 23/23 MP: 5/10
  4153 | D:4      | Noticed a torpor snail
  4154 | D:4      | Found a snail-covered altar of Cheibriados.
  4154 | D:4      | Noticed a torpor snail
  4185 | D:4      | Noticed a torpor snail
  4371 | D:4      | Noticed a phantom
  4386 | D:4      | Slain by a phantom
  4387 | D:4      | Reached XP level 4. HP: 0/19 MP: 7/9
  4425 | D:4      | Killed a phantom
  4426 | D:4      | Reached skill level 1 in Conjurations
  4426 | D:4      | Reached XP level 5. HP: 14/23 MP: 0/10
  4594 | D:4      | Found a staircase to the Ecumenical Temple.
  4606 | D:4      | Noticed a black bear
  4610 | D:4      | Noticed a lemure
  4642 | D:4      | Noticed a black bear
  4647 | D:4      | Killed a black bear
  4648 | D:4      | Reached skill level 5 in Earth Magic
  4648 | D:4      | Reached skill level 1 in Poison Magic
  4648 | D:4      | Gained mutation: You are covered in thick fur. (AC +2)
                  | [Felid growth]
  4648 | D:4      | Reached XP level 6. HP: 22/26 MP: 2/12
  4653 | D:4      | Learned a level 4 spell: Petrify
  4869 | D:4      | Killed Edmund
  4977 | D:4      | Noticed Grinder
  4985 | D:4      | Paralysed by Grinder for 4 turns
  5005 | D:4      | You fall into a shaft and drop 1 floor!
  5005 | D:5      | Entered Level 5 of the Dungeon
  5302 | D:5      | Reached XP level 7. HP: 21/29 MP: 6/14
  5306 | D:5      | Reached * piety under Vehumet
  5306 | D:5      | Offered knowledge of Shock by Vehumet.
  6184 | D:5      | Reached skill level 6 in Earth Magic
  7025 | D:5      | Found an ancient bone altar of Kikubaaqudgha.
  7025 | D:5      | Found a burning altar of Makhleb.
  7140 | D:4      | Killed Grinder
  7141 | D:4      | Reached XP level 8. HP: 19/34 MP: 1/16
  7328 | D:4      | Found a sparkling altar of Nemelex Xobeh.
  7496 | D:4      | Noticed Pikel
  7506 | D:4      | Killed Pikel
  7507 | D:4      | Reached skill level 1 in Unarmed Combat
  7507 | D:4      | Reached skill level 5 in Spellcasting
  7507 | D:4      | Reached skill level 7 in Earth Magic
  7512 | D:4      | Learned a level 4 spell: Olgreb's Toxic Radiance
  7775 | D:4      | Found an ornate altar of the Wu Jian Council.
  7863 | D:4      | Found a shimmering altar of Xom.
  8013 | D:6      | Found a blossoming altar of Fedhas.
  8450 | D:6      | Reached XP level 9. HP: 37/37 MP: 14/18
  8454 | D:6      | Noticed Menkaure
  8459 | D:6      | Killed Menkaure
  8460 | D:6      | Reached skill level 1 in Fighting
  8644 | D:6      | Reached skill level 8 in Earth Magic
  8674 | D:6      | Noticed Eustachio
  8682 | D:6      | Killed Eustachio
  9112 | D:6      | Noticed Duvessa
  9113 | D:6      | Noticed Dowan
  9117 | D:6      | Killed Duvessa
  9258 | D:6      | Killed Dowan
  9259 | D:6      | Reached skill level 5 in Stealth
  9672 | D:6      | Found a runed translucent door.
  9673 | D:6      | Noticed Crazy Yiuf
  9978 | D:6      | Killed Crazy Yiuf
 10000 | D:6      | Identified the +0 mace "Ciehi" {flame, rElec}
 10081 | D:7      | Reached ** piety under Vehumet
 10081 | D:7      | Offered knowledge of Foxfire by Vehumet.
 10263 | D:7      | Found a flagged portal.
 10287 | Bailey   | Entered a bailey
 10787 | Bailey   | Offered knowledge of Frozen Ramparts by Vehumet.
 10829 | Bailey   | Noticed an orc knight
 11099 | Bailey   | Noticed an orc knight
 11115 | Bailey   | Noticed an orc knight
 11135 | Bailey   | Reached XP level 10. HP: 5/42 MP: 3/19
 11139 | Bailey   | Demolished by an orc knight
 11140 | Bailey   | Reached XP level 9. HP: -16/38 MP: 3/18
 11177 | Bailey   | Annihilated by an orc knight
 11178 | Bailey   | Reached XP level 8. HP: -26/35 MP: 15/17
 11209 | Bailey   | Killed an orc knight
 11210 | Bailey   | Reached skill level 9 in Earth Magic
 11504 | D:7      | Reached *** piety under Vehumet
 11793 | D:7      | Found Iwif's Jewellery Shoppe.
 11809 | D:7      | Learned a level 3 spell: Frozen Ramparts
 11856 | D:7      | Engulfed by a steam dragon's steam

Illustrated notes

Levels and vault maps discovered:
D:1:      dpeg_arrival_three_smaller_balls, layout_basic, serial_shops, shop,
          ebering_ecumenical_altar_hall
D:2:      minmay_chambers_of_twos, layout_loops_cross, chequers_garden
D:3:      layout_loops_corners, zin_statuary, lemuel_coloured_pillars_altar,
          serial_bayou_lake_a
D:4:      layout_basic, nemelex_diamond_rough_becter, amcnicky_altar_gilded,
          cheibriados_altar_2, tgw_xom, minmay_temple_entry_ruins,
          minmay_misc_feat_doors, uniq_grinder, uniq_pikel, uniq_edmund
D:5:      layout_basic, gammafunk_temple_overflow_elements,
          grunt_decor_mini_mirrors
D:6:      layout_loops_ring, mainiacjoe_overflow_catwalk,
          kennysheep_generic_room_2, uniq_menkaure, uniq_duvessa,
          uniq_eustachio, uniq_crazy_yiuf_cottage
D:7:      layout_layer_cave, serial_shops, nicolae_shop_hallway_stairs,
          enter_bailey_4, minmay_diced_spiral

Skill      XL: |  1  2  3  4  5  6  7  8  9 |
---------------+----------------------------+-----
Dodging        | 3 4 |  4.3
Stealth        | 3 4 5 |  5.1
Earth Magic    | 3 4 5 6 9 8 |  9.1
Spellcasting   | 3 4 6 |  6.0
Conjurations   | 1 2 4 |  4.8
Transmutations | 2 3 4 |  4.7
Poison Magic   | 1 4 |  4.8
Unarmed Combat | 1 |  1.5
Fighting       | 1 |  1.6

Action                   |  1- 3 |  4- 6 |  7- 9 | 10-12 || total
-------------------------+-------+-------+-------+-------++-------
Melee: Unarmed           |    15 |     7 |    14 |       ||    36
       Bite              |     2 |     1 |     2 |       ||     5
 Cast: Sandblast         |    42 |    49 |    35 |       ||   126
       Stone Arrow       |       |    19 |    93 |       ||   112
       Searing Ray       |       |     7 |    22 |       ||    29
       Olgreb's Toxic Ra |       |       |    11 |       ||    11
  Use: Scroll            |       |     5 |    13 |       ||    18
       Potion            |       |     4 |     7 |     1 ||    12
 Stab: Sleeping          |     5 |     1 |     1 |       ||     7
Armor: Skin              |     1 |     5 |     5 |       ||    11
Dodge: Dodged            |    22 |    32 |   101 |     1 ||   156
